AoeStats
← Kalculus.Billi

Fortress

508072998Analyzed
3v3 RM · 11d ago on Sep 20, 2026· 20m 21s· 6 players
Game mode
Random Map
Map size
Large (8 player)
Population
200
Speed
Normal
Resources
Standard
Victory
Conquest
Starting age
Dark Age
Ending age
Imperial Age
RankedLock teamsTeams togetherTeam positionsShared explorationLock speedFull tech treeHidden civsTurbo modeCheats
Victory
Defeat
🇮🇳 Aztecs · India
1264
+12
🇮🇳 Mongols · India
1215
+14
🇮🇳 Japanese · India
1137
+18
🇵🇪 Muisca · Peru
1224
-16
🇦🇷 Huns · Argentina
1201
-16
🇺🇸 Bulgarians · United States
1098
-12
Prince of Hell
0:37 Loom
7:28 Feudal Age
7:55 Feudal Age
9:22 Double-Bit Axe
11:56 Castle Age
9:47 Horse Collar
13:08 Bow Saw
14:35 Loom
15:25 Wheelbarrow
17:37 Heavy Plow
18:34 Scale Mail Armor
18:44 Forging
elPreto
8:58 Feudal Age
13:10 Castle Age
11:11 Double-Bit Axe
11:25 Horse Collar
14:49 Bow Saw
17:26 Heavy Plow
17:29 Gold Mining
19:17 Gold Shaft Mining
19:41 Wheelbarrow
18:53 Town Watch
20:51 Hand Cart
⚡ MACE WINDU ⚡
4:39 Loom
6:38 Feudal Age
7:19 Loom
11:40 Castle Age
11:16 Double-Bit Axe
12:56 Wheelbarrow
15:29 Bow Saw
Lurker
7:21 Feudal Age
11:05 Castle Age
9:32 Double-Bit Axe
12:00 Squires
14:04 Gold Mining
18:07 Horse Collar
18:45 Scale Mail Armor
Kalculus.Billi
7:54 Feudal Age
11:51 Castle Age
10:02 Double-Bit Axe
10:06 Horse Collar
16:48 Gold Mining
17:29 Scale Mail Armor
20:08 Gambesons
bamboe
8:07 Feudal Age
12:42 Castle Age
11:13 Horse Collar
11:22 Double-Bit Axe
12:16 Gold Mining
16:27 Heavy Plow
18:03 Wheelbarrow
20:38 Husbandry
20:48 Bloodlines
Connection lost

Rejoining the realm…

Still unreachable

The connection could not be restored.

Session expired

The server has moved on; the page needs a fresh start.